 Dungeon Crawl Stone Soup version 0.31-a0-1009-g454b1f1e0a (webtiles) character file.

Game seed: 3316061524045340987

68 Gergoth the Chiller (level 4, -5/28 HPs)
             Began as an Octopode Ice Elementalist on Nov 16, 2023.
             Slain by an orc
             ... wielding a +0 war axe
              (8 damage)
             ... on level 3 of the Dungeon.
             The game lasted 00:02:40 (2030 turns).

Gergoth the Chiller (Octopode Ice Elementalist)     Turns: 2030, Time: 00:02:40

Health: -5/28      AC:  1    Str:  7    XL:     4   Next: 19%
Magic:  0/7        EV: 13    Int: 19    God:
Gold:   200        SH:  0    Dex: 12    Spells: 4/8 levels left

rFire   . .          .
                       - Unarmed
rCold   . . .        (no shield)
rNeg    . . .        (helmet restricted)
rPois   .            (no amulet)
rElec   .            (no ring)
rCorr   .            (no ring)
SInv    .            (no ring)
Will    .....        (no ring)
Stlth   +++          (no ring)
HPRegen 0.24/turn    (no ring)
MPRegen 0.10/turn    (no ring)
                     (no ring)

%: no passive effects
@: attractive
A: almost no armour, amphibious, 8 rings, camouflage 1, gelatinous body 1,
(nimble swimmer 1), tentacles
a: no special abilities


You were on level 3 of the Dungeon.
You visited 1 branch of the dungeon, and saw 3 of its levels.

You collected 200 gold pieces.

Inventory:

Jewellery
 i - a ring of protection from cold
Scrolls
 d - 3 scrolls of teleportation {unknown}
 f - a scroll of fear {unknown}
 h - a scroll of identify {unknown}
Potions
 a - a potion of magic
 b - a potion of attraction
 c - 2 potions of curing {unknown}
 e - a potion of degeneration {unknown}
 g - a potion of might {unknown}


   Skills:
 + Level 1.5 Fighting
 + Level 2.7 Dodging
 - Level 2.6 Stealth
 + Level 1.4 Unarmed Combat
 + Level 2.6 Spellcasting
 - Level 4.0 Ice Magic


You had 4 spell levels left.
You knew the following spells:

 Your Spells              Type           Power      Damage    Failure   Level
a - Freeze                Ice            68%        1d8       3%          1
b - Frozen Ramparts       Ice            34%        1d6       9%          3

Your spell library contained the following spells:

 Spells                   Type           Power      Damage    Failure   Level
 Ozocubu's Armour         Ice            17%        N/A       9%          3
 Summon Ice Beast         Ice/Summ       10%        N/A       56%         4


Dungeon Overview and Level Annotations

Branches:
Dungeon (3/15)

Altars:
Okawaru

Annotations:
D:2 Sigmund


Innate Abilities, Weirdness & Mutations

You cannot wear most types of armour.
You are amphibious.
You can wear up to eight rings at the same time.
Your skin changes colour to match your surroundings (Stealth+).
Your rubbery body absorbs attacks. (AC +1, EV +1)
((You are camouflaged when in or above water. (Stealth+)))
You have tentacles for arms and can constrict up to eight enemies at once.


Message History

Casting: Freeze (safe; 3% risk of failure)
Confirm with . or Enter, or press ? or * to list all spells.
Aiming: Freeze (safe; 3% risk of failure)
Press: ? - help, Shift-Dir - straight line, f - hobgoblin
Aim: a hobgoblin You freeze the hobgoblin.
The hobgoblin is heavily wounded.
The hobgoblin hits you.
* * * LOW HITPOINT WARNING * * *
Casting: Freeze (safe; 3% risk of failure)
Confirm with . or Enter, or press ? or * to list all spells.
Aiming: Freeze (safe; 3% risk of failure)
Press: ? - help, Shift-Dir - straight line, f/p - hobgoblin
Aim: a hobgoblin (heavily wounded)
You freeze the hobgoblin.
You kill the hobgoblin!
You open the door. The orc attacks as it pursues you!
The orc closely misses you.
There is an open door here.
The orc attacks as it pursues you! The orc hits you with a +0 whip.
* * * LOW HITPOINT WARNING * * *
Casting: Freeze (safe; 3% risk of failure)
Confirm with . or Enter, or press ? or * to list all spells.
Aiming: Freeze (safe; 3% risk of failure)
Press: ? - help, Shift-Dir - straight line, f - orc
Aim: an orc, wielding a +0 whip You freeze the orc.
The orc is heavily wounded.
The orc barely misses you.
Casting: Freeze (safe; 3% risk of failure)
Confirm with . or Enter, or press ? or * to list all spells.
Aiming: Freeze (safe; 3% risk of failure)
Press: ? - help, Shift-Dir - straight line, f/p - orc
Aim: an orc, wielding a +0 whip (heavily wounded)
You freeze the orc!
You kill the orc!
It was a potion of attraction.
You feel attractive to monsters. The orc hits you with a +0 war axe!
You die...

.###......##....##########.#...
..........##....##########.#.#.
.#........##....##.......#.....
#.##...####....##.......#.#...
#..<...........##.......#.####
#####..####.#####.......#.....
#....)....#.#####.......#.####
.#.####........oo'.............
...........#..@###.......#.####
.####.#...###...##.......#.# #
#............#########+## #
##..#รท).).#...... #...# #
#.##.._..##..... #...# #
##..#.).).#......# #...###
#................# #......
......###........# ##o#.##
########...#...##.### #.#...


You could see 2 orcs.

Vanquished Creatures
  2 adders
  2 worms
  4 orcs (D:3)
  A bat (D:2)
  2 endoplasms
  3 giant cockroaches
  4 hobgoblins
  3 kobolds
  4 quokkas
  A ball python (D:1)
  2 frilled lizards
  4 goblins
  6 rats
38 creatures vanquished.

Notes
Turn   | Place    | Note
-------+----------+-------------------------------------------
     0 | D:1      | Gergoth the Octopode Ice Elementalist began the quest for
                  | the Orb.
     0 | D:1      | Reached XP level 1. HP: 11/11 MP: 3/3
   304 | D:1      | Reached XP level 2. HP: 6/18 MP: 5/5
   799 | D:2      | Reached skill level 1 in Fighting
   799 | D:2      | Reached skill level 1 in Unarmed Combat
   799 | D:2      | Reached XP level 3. HP: 23/23 MP: 4/6
   969 | D:2      | Noticed Sigmund
  1562 | D:2      | Learned a level 3 spell: Frozen Ramparts
  1786 | D:3      | Found an iron altar of Okawaru.
  1997 | D:3      | Reached XP level 4. HP: 5/28 MP: 1/7
  2030 | D:3      | Slain by an orc

Illustrated notes

Levels and vault maps discovered:
D:1:      giann_forest_graveyard, layout_basic, kennysheep_decorative_pillar
D:2:      layout_basic, uniq_sigmund
D:3:      minmay_chambers_of_threes, layout_basic, okawaru_ov_weapons_minmay,
          grunt_ministairs_9

Skill      XL: |  1  2 |
---------------+-------+-----
Fighting       | 1 |  1.5
Unarmed Combat | 1 |  1.4
Dodging        | |  2.7
Stealth        | |  2.6
Spellcasting   | |  2.6
Ice Magic      | |  4.0

Action                     |  1- 3 |  4- 6 || total
---------------------------+-------+-------++-------
  Melee: Unarmed           |    81 |       ||    81
         Tentacles         |    20 |       ||    20
         Constrict         |    21 |       ||    21
   Cast: Freeze            |    24 |     4 ||    28
         Frozen Ramparts   |     1 |       ||     1
    Use: Potion            |       |     1 ||     1
   Stab: Sleeping          |     8 |       ||     8
 Armour: Skin              |    36 |     3 ||    39
  Dodge: Dodged            |    52 |     8 ||    60

Table legend: (Time is in decaauts)
 A = Elapsed time spent in this place.
 B = Non-inter-level travel time spent in this place.
 C = Inter-level travel time spent in this place.
 D = Time resting spent in this place.
 E = Time spent auto-exploring this place.
 F = Levels seen in this place.
 G = Mean time per level.
                   A        B        C        D        E       F      G
               +--------+--------+--------+--------+--------+-----+--------+
         Total |   2028 |   1952 |     76 |     75 |   1490 |   3 |  676.0 |
       Dungeon |   2028 |   1952 |     76 |     75 |   1490 |   3 |  676.0 |
               +--------+--------+--------+--------+--------+-----+--------+

Top non-repeatable levels by time:
     D:2: 919 daAuts
     D:1: 795 daAuts
     D:3: 314 daAuts
